 Dungeon Crawl Stone Soup version 0.28-a0-674-gdaf460b524 (webtiles) character file.

Game seed: 6893197828474983459

441 jasper the Covert (level 6, -9/28 HPs)
             Began as a Spriggan Enchanter on Oct 17, 2021.
             Killed by divine providence
             ... invoked by an orc priest
              (10 damage)
             ... on level 4 of the Dungeon.
             The game lasted 00:04:38 (2104 turns).

jasper the Covert (Spriggan Enchanter)              Turns: 2104, Time: 00:04:39

Health: -9/28      AC:  2    Str:  4    XL:     6   Next: 70%
Magic:  2/11       EV: 19    Int: 19    God:
Gold:   86         SH:  0    Dex: 15    Spells: 3/11 levels left

rFire   . . .      SeeInvis +   a - +1 dagger
rCold   . . .      Faith    .   (shield restricted)
rNeg    . . .      Spirit   .   b - +0 robe
rPois   .          Reflect  .   (helmet restricted)
rElec   .          Harm     .   (no cloak)
rCorr   .          Rampage  .   (gloves unavailable)
Will    +....                   (boots unavailable)
Stlth   ++++......              (no amulet)
HPRegen 0.09/turn               (no ring)
MPRegen 0.12/turn               (no ring)

@: very quick
A: very small, no large weapons, unfitting armour, see invisible, speed 3
a: no special abilities


You were on level 4 of the Dungeon.
You visited 1 branch of the dungeon, and saw 6 of its levels.

You collected 86 gold pieces.

Inventory:

Hand Weapons
 a - a +1 dagger (weapon)
Missiles
 j - 17 stones (quivered)
Armour
 b - a +0 robe (worn)
Jewellery
 i - a ring of fire
Scrolls
 e - 3 scrolls of enchant weapon {unknown}
 f - a scroll of amnesia {unknown}
 g - 3 scrolls of identify {unknown}
Potions
 c - a potion of invisibility
 d - 2 potions of lignification {unknown}
 h - a potion of haste {unknown}


   Skills:
 - Level 3.0 Short Blades
 + Level 4.9 Dodging
 * Level 8.4 Stealth
 - Level 3.0 Spellcasting
 + Level 5.2 Hexes


You had 3 spell levels left.
You knew the following spells:

 Your Spells              Type           Power      Damage    Failure   Level
a - Ensorcelled Hibernat  Hex/Ice        24%        N/A       8%          2
b - Confusing Touch       Hex            22%        N/A       5%          3
c - Tukima's Dance        Hex            22%        N/A       5%          3

Your spell library contained the following spells:

 Spells                   Type           Power      Damage    Failure   Level
 Dazzling Flash           Conj/Hex       24%        N/A       16%         3


Dungeon Overview and Level Annotations

Branches:
Dungeon (6/15)             Temple (0/1) D:4

Altars:

Annotations:
D:3 Grinder


Innate Abilities, Weirdness & Mutations

You are very small and have problems with some larger weapons.
You are too small for most types of armour.
You have supernaturally acute eyesight. (SInv)
You cover ground extremely quickly. (Speed+++)


Message History

Press: ? - help, Shift-Dir - straight line, f - orc, p - quokka
Aim: an orc, wielding a +0 dagger (chance to affect: 61%)
The orc resists with significant effort.
The orc closely misses you. The quokka barely misses you.
You now have 5/11 mp.
Casting: Ensorcelled Hibernation (safe; 8% risk of failure)
Confirm with . or Enter, or press ? or * to list all spells.
Aiming: Ensorcelled Hibernation (safe; 8% risk of failure)
Press: ? - help, Shift-Dir - straight line, f/p - orc
Aim: an orc, wielding a +0 dagger (chance to affect: 61%)
The orc looks drowsy...
The quokka misses you.
You now have 3/11 mp.
The helpless orc fails to defend itself.
You spit the orc like a pig!!!
You kill the orc!
The quokka closely misses you. The quokka bites you.
You take 3 damage, and have 17/28 hp.
Casting: Ensorcelled Hibernation (safe; 8% risk of failure)
Confirm with . or Enter, or press ? or * to list all spells.
Aiming: Ensorcelled Hibernation (safe; 8% risk of failure)
Press: ? - help, Shift-Dir - straight line, f - orc
Aim: an orc, wielding a +0 flail (chance to affect: 61%)
The orc looks drowsy...
The quokka completely misses you.
You now have 1/11 mp.
The helpless orc fails to defend itself.
You stick the orc like a pincushion!!!
You kill the orc!
An orc comes into view. It is wielding a +0 short sword.
The quokka bites you.
You take 2 damage, and have 15/28 hp.
Your magical contamination has completely faded away.
You see here a scroll labelled DELUMI CUMO.
The orc priest calls down the wrath of Beogh upon you.
Beogh smites you!
Ouch! That really hurt!
* * * LOW HITPOINT WARNING * * *
You take 14 damage, and have 1/28 hp.
MASSIVE DAMAGE!!
The orc priest invokes the aid of Beogh against you.
Beogh smites you!
You die...

....#.. .....#.. #
#...###...##.#
#.#####....###.#..#
#.........o..#o#.##
#.......?...o)....#
#.............#...#
#.#####r..........#
#.............#
#..@###.......# #...#
##.)....######
.....#...# ####.........
........# .. ##..##....
.......# ....#8..8#)...
#.......# ......>...####
### #.......#
####.......... ##>##
#......[###...#8..8#....
#...#
#†........##..##....


You could see an orc priest, 2 orcs and a quokka.

Vanquished Creatures
  A water moccasin (D:6)
  A black bear (D:4)
  A phantom (D:6)
  An orc priest (D:4)
  2 hounds
  An iguana (D:5)
  A hound skeleton (D:4)
  An adder (D:3)
  An adder skeleton (D:4)
  A worm (D:4)
  A dart slug (D:4)
  3 orcs
  3 ball pythons (D:3)
  3 bats
  2 endoplasms
  A giant cockroach (D:3)
  3 goblins
  2 hobgoblins
  A kobold (D:3)
  A quokka (D:4)
31 creatures vanquished.

Notes
Turn   | Place    | Note
-------+----------+-------------------------------------------
     0 | D:1      | jasper the Spriggan Enchanter began the quest for the Orb.
     0 | D:1      | Reached XP level 1. HP: 9/9 MP: 5/5
    86 | D:1      | Found a faded altar of an unknown god.
   353 | D:3      | Noticed Grinder
   584 | D:3      | Reached XP level 2. HP: 13/13 MP: 6/6
   587 | D:3      | Learned a level 2 spell: Ensorcelled Hibernation
   731 | D:3      | Reached skill level 5 in Stealth
  1401 | D:4      | Reached XP level 3. HP: 15/16 MP: 1/8
  1485 | D:4      | Learned a level 3 spell: Confusing Touch
  1489 | D:4      | Learned a level 3 spell: Tukima's Dance
  1566 | D:4      | You fall into a shaft and drop 2 floors!
  1570 | D:6      | Reached skill level 6 in Stealth
  1570 | D:6      | Reached XP level 4. HP: 21/21 MP: 9/9
  1577 | D:6      | Noticed a phantom
  1577 | D:6      | Noticed a water moccasin
  1603 | D:6      | Killed a phantom
  1604 | D:6      | Reached XP level 5. HP: 21/24 MP: 7/10
  1650 | D:6      | Killed a water moccasin
  1651 | D:6      | Reached skill level 7 in Stealth
  1651 | D:6      | Reached XP level 6. HP: 28/28 MP: 11/11
  1654 | D:5      | Entered Level 5 of the Dungeon
  1814 | D:4      | Reached skill level 8 in Stealth
  1814 | D:4      | Reached skill level 5 in Hexes
  2080 | D:4      | Found a staircase to the Ecumenical Temple.
  2103 | D:4      | HP: 1/28 [orc priest/divine providence (15)]
  2104 | D:4      | Killed from afar by an orc priest

Illustrated notes

Levels and vault maps discovered:
D:1:      dpeg_arrival_renting, layout_basic, hellmonk_ecumenical_altar_zigzags,
          serial_forest, infiniplex_forest_clump_curved,
          infiniplex_forest_lined_ring, infiniplex_forest_lined_corner,
          infiniplex_forest_zigzag_2, infiniplex_forest_lined_ring,
          infiniplex_forest_lined_room_2, infiniplex_forest_clump_curved,
          infiniplex_forest_clump_cross, columned_hall_lemuel
D:2:      layout_rooms, uniq_natasha
D:3:      layout_basic, uniq_grinder
D:4:      layout_basic, minmay_temple_entry_slanted, serial_shops,
          nicolae_lakefront_shop, grunt_ministairs_4, st_stairs_6,
          uniq_blork_the_orc
D:5:      layout_basic, uniq_duvessa
D:6:      wad_guarded_room, layout_layer_cave, serial_shops,
          kennysheep_mini_moat

Skill      XL: |  1  2  3  4  5  6 |
---------------+-------------------+-----
Dodging        | 3 4 |  4.9
Stealth        | 5 6 7 8 |  8.4
Spellcasting   | 3 |  3.0
Hexes          | 4 5 |  5.2
Short Blades   | 2 3 |  3.0

Action                   |  1- 3 |  4- 6 || total
-------------------------+-------+-------++-------
Melee: Dagger            |    36 |    38 ||    74
 Cast: Ensorcelled Hiber |    14 |     7 ||    21
       Confusing Touch   |       |     3 ||     3
 Stab: Sleeping          |    14 |     8 ||    22
       Confused          |       |     5 ||     5
Armor: Robe              |     3 |     1 ||     4
Dodge: Dodged            |    25 |    24 ||    49

Table legend: (Time is in decaauts)
 A = Elapsed time spent in this place.
 B = Non-inter-level travel time spent in this place.
 C = Inter-level travel time spent in this place.
 D = Time resting spent in this place.
 E = Time spent auto-exploring this place.
 F = Levels seen in this place.
 G = Mean time per level.
                   A        B        C        D        E       F      G
               +--------+--------+--------+--------+--------+-----+--------+
         Total |   1632 |   1629 |      3 |    702 |    627 |   6 |  272.0 |
       Dungeon |   1632 |   1629 |      3 |    702 |    627 |   6 |  272.0 |
               +--------+--------+--------+--------+--------+-----+--------+

Top non-repeatable levels by time:
     D:3: 973 daAuts
     D:4: 430 daAuts
     D:6: 74 daAuts
     D:2: 71 daAuts
     D:1: 66 daAuts
     D:5: 17 daAuts
